AoeStats
← in440591

Arena

509248205Analyzed
4v4 RM · 5d ago on Sep 26, 2026· 58m 30s· 8 players
Game mode
Random Map
Map size
Large (8 player)
Population
200
Speed
Normal
Resources
Standard
Victory
Conquest
Starting age
Dark Age
Ending age
Imperial Age
RankedLock teamsTeams togetherTeam positionsShared explorationLock speedFull tech treeHidden civsTurbo modeCheats
Victory
Defeat
🇲🇽 Vietnamese · Mexico
981
+17
🇨🇳 Franks · China
955
+18
🇺🇸 Bulgarians · United States
881
+21
🇨🇳 Franks · China
837
+21
🇧🇴 Lithuanians · Bolivia
1028
-21
🇵🇪 Bulgarians · Peru
1028
-21
🇵🇪 Huns · Peru
959
-18
🇦🇷 Franks · Argentina
935
-17
Metalface
2:48 Loom
6:26 Loom
9:47 Feudal Age
15:19 Castle Age
14:04 Double-Bit Axe
14:19 Horse Collar
23:57 Bow Saw
24:47 Heavy Plow
26:05 Scale Mail Armor
26:13 Scale Barding Armor
28:04 Forging
29:36 Wheelbarrow
31:00 Hand Cart
32:18 Town Watch
33:13 Masonry
36:05 Imperial Age
35:28 Stone Mining
35:32 Gold Mining
36:33 Chain Barding Armor
36:14 Scale Mail Armor
36:49 Iron Casting
36:53 Stone Shaft Mining
36:57 Gold Shaft Mining
37:22 Crop Rotation
37:32 Plate Barding Armor
37:03 Elite Konnik
38:04 Conscription
37:42 Stirrups
38:25 Chain Mail Armor
39:11 Blast Furnace
38:52 Squires
38:37 Gambesons
38:38 Arson
39:35 Plate Mail Armor
38:55 Fletching
39:30 Ballistics
40:10 Chemistry
39:43 Architecture
40:26 Husbandry
40:37 Bloodlines
41:23 Siege Engineers
41:53 Bodkin Arrow
41:59 Murder Holes
42:20 Pikeman
43:54 Halberdier
45:22 Town Patrol
53:42 Bagains
Edcastillo
9:57 Feudal Age
17:16 Castle Age
15:30 Stone Mining
17:30 Forging
22:53 Wheelbarrow
23:34 Double-Bit Axe
24:09 Horse Collar
26:50 Gold Mining
28:23 Iron Casting
27:49 Scale Mail Armor
28:36 Bow Saw
29:54 Hand Cart
33:22 Imperial Age
32:02 Scale Barding Armor
32:10 Pikeman
32:52 Squires
34:10 Chain Mail Armor
34:15 Chain Barding Armor
35:44 Two-Man Saw
36:18 Plate Barding Armor
36:20 Heavy Plow
37:12 Halberdier
41:40 Arson
46:07 Padded Archer Armor
45:58 Fletching
Teniente DAN
11:43 Feudal Age
10:01 Loom
17:03 Castle Age
15:34 Double-Bit Axe
26:58 Fletching
33:12 Imperial Age
32:42 Pikeman
33:23 Squires
34:20 Bodkin Arrow
35:20 Halberdier
36:21 Husbandry
36:27 Gold Mining
36:52 Forging
36:48 Scale Barding Armor
36:35 Cavalier
37:48 Treadmill Crane
41:34 Chemistry
41:48 Wheelbarrow
42:31 Bow Saw
49:09 Heavy Scorpion
50:18 Fortified Wall
49:54 Arrowslits
Alichok (Rexxar)
10:07 Feudal Age
14:32 Man-at-Arms
16:17 Double-Bit Axe
16:25 Arson
16:54 Horse Collar
17:57 Gold Mining
19:58 Wheelbarrow
20:01 Loom
22:57 Castle Age
21:16 Forging
21:06 Scale Mail Armor
24:46 Husbandry
26:08 Bloodlines
27:25 Scale Barding Armor
32:54 Gold Shaft Mining
33:43 Chain Barding Armor
40:34 Imperial Age
39:43 Iron Casting
40:27 Heavy Plow
41:20 Chain Mail Armor
42:03 Hand Cart
41:11 Capped Ram
42:09 Squires
42:32 Conscription
42:41 Atheism
42:02 Cavalier
43:59 Plate Barding Armor
44:26 Blast Furnace
43:55 Paladin
47:31 Light Cavalry
51:13 Hussar
nathanst1996
9:35 Loom
11:27 Feudal Age
15:35 Horse Collar
15:55 Double-Bit Axe
23:12 Castle Age
21:41 Gold Mining
25:22 Wheelbarrow
30:31 Scale Barding Armor
31:21 Forging
31:14 Scale Mail Armor
31:27 Gambesons
34:11 Squires
34:03 Pikeman
36:42 Chain Barding Armor
36:41 Chain Mail Armor
37:13 Iron Casting
39:23 Stirrups
46:32 Padded Archer Armor
49:21 Imperial Age
47:10 Hand Cart
48:50 Bloodlines
49:17 Heavy Plow
51:00 Conscription
54:48 Plate Mail Armor
55:19 Blast Furnace
ing.bio.aaron
3:20 Loom
12:16 Feudal Age
18:07 Castle Age
16:35 Double-Bit Axe
17:10 Gold Mining
17:03 Horse Collar
17:55 Fletching
19:20 Bodkin Arrow
20:04 Town Watch
22:33 Fortified Wall
24:25 Bow Saw
25:21 Wheelbarrow
25:10 Light Cavalry
27:38 Padded Archer Armor
28:21 Hand Cart
29:40 Stone Mining
29:53 Heavy Plow
30:54 Sanctity
33:50 Imperial Age
32:46 Leather Archer Armor
32:51 Thumb Ring
33:28 Scale Mail Armor
33:33 Husbandry
33:46 Bloodlines
34:16 Stone Shaft Mining
34:38 Bracer
35:43 Chemistry
35:19 Murder Holes
36:40 Paper Money
37:50 Ring Archer Armor
38:55 Two-Man Saw
39:40 Scale Barding Armor
40:01 Pikeman
40:42 Squires
41:29 Forging
41:27 Halberdier
42:38 Elite Rattan Archer
44:38 Ballistics
45:41 Chain Mail Armor
44:58 Elite Skirmisher
47:26 Plate Mail Armor
46:34 Imperial Skirmisher
49:39 Iron Casting
49:55 Chain Barding Armor
52:09 Town Patrol
53:22 Crop Rotation
54:39 Plate Barding Armor
55:40 Masonry
知行
11:12 Feudal Age
12:47 Double-Bit Axe
15:20 Castle Age
16:32 Bow Saw
22:00 Wheelbarrow
21:10 Loom
28:16 Imperial Age
27:16 Ballistics
26:53 Gold Mining
27:19 Padded Archer Armor
28:02 Leather Archer Armor
30:16 Chemistry
29:24 Husbandry
28:45 Light Cavalry
30:22 Coinage
30:05 Scale Barding Armor
31:00 Conscription
30:34 Elite Throwing Axeman
32:02 Banking
32:14 Hand Cart
32:37 Chain Barding Armor
32:27 Forging
32:15 Murder Holes
33:35 Siege Engineers
34:08 Iron Casting
34:09 Plate Barding Armor
32:59 Cavalier
35:05 Hoardings
34:57 Fortified Wall
36:08 Blast Furnace
35:44 Chivalry
36:26 Paladin
37:53 Gold Shaft Mining
37:09 Stone Mining
47:52 Caravan
in440591
0:33 Loom
11:05 Feudal Age
19:00 Castle Age
19:37 Stone Mining
30:03 Fortified Wall
34:48 Gold Mining
36:33 Ballistics
36:06 Double-Bit Axe
36:51 Husbandry
42:26 Imperial Age
39:48 Arson
40:03 Squires
39:43 Pikeman
40:36 Forging
41:52 Iron Casting
41:23 Scale Barding Armor
41:50 Bow Saw
42:17 Gold Shaft Mining
41:33 Gambesons
41:15 Man-at-Arms
42:22 Scale Mail Armor
43:16 Chain Barding Armor
42:24 Long Swordsman
42:28 Cavalier
44:12 Wheelbarrow
43:34 Two-Handed Swordsman
45:51 Blast Furnace
45:10 Chain Mail Armor
45:45 Halberdier
51:06 Hand Cart
51:03 Paladin
54:24 Plate Barding Armor
54:19 Plate Mail Armor
53:55 Chivalry
Connection lost

Rejoining the realm…

Still unreachable

The connection could not be restored.

Session expired

The server has moved on; the page needs a fresh start.